AoeStats
← Jollier

Arena

510325205Analyzed
3v3 RM · 21h ago on Sep 30, 2026· 54m 7s· 6 players
Game mode
Random Map
Map size
Normal (6 player)
Population
200
Speed
Normal
Resources
Standard
Victory
Conquest
Starting age
Dark Age
Ending age
Imperial Age
RankedLock teamsTeams togetherTeam positionsShared explorationLock speedFull tech treeHidden civsTurbo modeCheats
Victory
Defeat
🇹🇼 Persians · Taiwan
938
+16
🇹🇼 Aztecs · Taiwan
936
+16
🇹🇼 Burgundians · Taiwan
926
+18
🇮🇱 Gurjaras · Israel
947
-17
🇺🇸 Ethiopians · United States
947
-17
🇺🇦 Persians · Ukraine
929
-16
DPtheBananaKing
10:48 Feudal Age
17:06 Castle Age
15:17 Double-Bit Axe
15:33 Horse Collar
20:32 Arson
20:53 Scale Mail Armor
21:07 Forging
21:00 Squires
26:48 Royal Heirs
27:28 Chain Mail Armor
35:12 Imperial Age
33:20 Wheelbarrow
36:26 Hand Cart
38:08 Chemistry
48:15 Loom
49:45 Torsion Engines
52:45 Conscription
Jollier
9:33 Feudal Age
9:58 Double-Bit Axe
9:55 Horse Collar
17:35 Castle Age
18:33 Bow Saw
18:30 Heavy Plow
20:50 Stone Mining
22:18 Gold Mining
29:39 Gambesons
29:56 Squires
32:46 Imperial Age
30:55 Wheelbarrow
30:57 Gold Shaft Mining
30:58 Stone Shaft Mining
30:44 Kamandaran
31:46 Husbandry
32:10 Hand Cart
33:04 Devotion
33:23 Thumb Ring
32:39 Crossbowman
34:00 Hoardings
33:57 Bloodlines
34:41 Cavalier
35:54 Crop Rotation
36:32 Padded Archer Armor
36:24 Fletching
36:45 Forging
36:41 Scale Barding Armor
36:44 Loom
36:25 Light Cavalry
37:38 Caravan
39:17 Leather Archer Armor
38:57 Bodkin Arrow
41:26 Savar
43:26 Two-Man Saw
44:55 Iron Casting
44:51 Ring Archer Armor
44:41 Chain Barding Armor
44:46 Conscription
48:55 Plate Barding Armor
49:20 Blast Furnace
Athegamer
8:25 Loom
10:11 Feudal Age
15:32 Double-Bit Axe
19:30 Castle Age
24:13 Fortified Wall
25:04 Bow Saw
26:11 Wheelbarrow
25:53 Horse Collar
27:50 Heavy Plow
27:46 Town Watch
32:04 Ballistics
35:06 Imperial Age
32:36 Gold Mining
32:51 Padded Archer Armor
34:39 Kshatriyas
34:54 Leather Archer Armor
34:31 Fletching
36:13 Illumination
36:25 Theocracy
36:17 Bodkin Arrow
38:33 Conscription
38:59 Bracer
39:15 Leather Archer Armor
38:45 Elite Skirmisher
39:57 Husbandry
40:09 Thumb Ring
40:21 Forging
41:20 Chemistry
41:13 Sanctity
42:36 Redemption
44:27 Scale Barding Armor
44:53 Heavy Camel Rider
47:38 Scale Mail Armor
49:07 Man-at-Arms
49:53 Murder Holes
Dai_Chen
0:29 Loom
9:31 Feudal Age
16:37 Castle Age
14:57 Horse Collar
15:27 Double-Bit Axe
28:55 Imperial Age
27:04 Bow Saw
26:58 Fletching
29:09 Wheelbarrow
29:41 Gold Mining
30:20 Kamandaran
31:54 Pikeman
32:08 Crossbowman
35:19 Two-Man Saw
34:28 Heavy Plow
34:38 Padded Archer Armor
35:21 Caravan
36:44 Conscription
37:39 Chemistry
37:00 Ballistics
36:36 Murder Holes
36:52 Masonry
37:48 Thumb Ring
39:25 Bloodlines
39:16 Husbandry
38:37 Cavalier
40:32 Hand Cart
40:03 Town Watch
40:15 Bodkin Arrow
40:36 Leather Archer Armor
40:22 Scale Mail Armor
41:12 Halberdier
43:22 Scale Barding Armor
43:32 Leather Archer Armor
43:29 Forging
46:57 Heavy Scorpion
50:10 Chain Barding Armor
50:21 Ring Archer Armor
50:26 Iron Casting
50:08 Chain Mail Armor
51:08 Architecture
51:31 Savar
南瓜小公主
0:28 Loom
11:17 Feudal Age
12:39 Wheelbarrow
16:07 Castle Age
14:18 Double-Bit Axe
14:36 Horse Collar
16:24 Gold Mining
20:40 Heavy Plow
22:00 Gold Shaft Mining
21:40 Bow Saw
21:52 Fervor
23:57 Hand Cart
29:24 Imperial Age
26:41 Town Watch
28:09 Scale Mail Armor
28:43 Stone Mining
29:21 Squires
28:42 Eagle Warrior
31:18 Town Patrol
32:30 Stone Shaft Mining
32:28 Crop Rotation
32:50 Forging
34:17 Chain Mail Armor
34:37 Iron Casting
35:10 Coinage
34:41 Caravan
34:46 Elite Eagle Warrior
37:23 Banking
37:26 Plate Mail Armor
36:47 Fletching
36:54 Treadmill Crane
37:35 Ballistics
37:01 Arrowslits
37:11 Murder Holes
39:13 Chemistry
38:24 Fortified Wall
39:17 Blast Furnace
39:13 Bodkin Arrow
39:27 Siege Engineers
41:04 Pikeman
42:22 Bracer
42:22 Padded Archer Armor
43:53 Conscription
45:04 Leather Archer Armor
49:43 Garland Wars
yang101310427
11:37 Feudal Age
10:19 Double-Bit Axe
12:35 Loom
15:50 Castle Age
14:04 Bow Saw
14:44 Wheelbarrow
14:03 Horse Collar
20:28 Gold Mining
29:09 Imperial Age
26:33 Treadmill Crane
28:14 Two-Man Saw
27:25 Scale Barding Armor
27:32 Forging
27:44 Murder Holes
28:13 Heavy Plow
28:39 Chain Barding Armor
28:23 Husbandry
29:05 Hand Cart
31:36 Chemistry
30:28 Fletching
36:41 Conscription
37:00 Burgundian Vineyards
38:40 Hand Cart
38:11 Town Watch
37:49 Cavalier
38:49 Stone Mining
39:34 Gold Shaft Mining
40:55 Caravan
43:04 Guilds
42:21 Pikeman
44:05 Plate Barding Armor
43:34 Paladin
44:15 Elite Skirmisher
44:36 Halberdier
45:16 Squires
45:02 Arson
45:06 Arrowslits
45:25 Scale Mail Armor
48:51 Iron Casting
48:32 Chain Mail Armor
48:22 Padded Archer Armor
48:17 Bodkin Arrow
50:32 Ballistics
51:09 Crop Rotation
53:34 Conscription
Connection lost

Rejoining the realm…

Still unreachable

The connection could not be restored.

Session expired

The server has moved on; the page needs a fresh start.